 Dungeon Crawl Stone Soup version 0.28.0-43-g3370ac3207 (webtiles) character file.

Game seed: 6987271672692572081

71 experimilk the Cudgeller (level 4, -1/35 HPs)
             Began as a Palentonga Warper on Mar 18, 2022.
             Slain by a gnoll
             ... wielding a +0 flail
              (11 damage)
             ... on level 2 of the Dungeon.
             The game lasted 00:06:57 (3365 turns).

experimilk the Cudgeller (Palentonga Warper)        Turns: 3365, Time: 00:06:58

Health: -1/35      AC:  4    Str: 16    XL:     4   Next: 5%
Magic:  3/7        EV:  9    Int: 13    God:
Gold:   79         SH:  0    Dex: 10    Spells: 1/7 levels left

rFire   . . .      SeeInvis +   a - +0 mace
rCold   . . .      Faith    .   (no shield)
rNeg    . . .      Spirit   .   b - +0 leather armour
rPois   .          Reflect  .   (no helmet)
rElec   .          Harm     .   (no cloak)
rCorr   .          Rampage  .   (no gloves)
Will    .....                   (no barding)
Stlth   +.........              (no amulet)
HPRegen 0.11/turn               (no ring)
MPRegen 0.10/turn               (no ring)

@: on blink cooldown, very slightly contaminated
A: large, rugged brown scales 3, see invisible, deformed body, roll 1, armoured
tail
a: Rolling Charge


You were on level 2 of the Dungeon.
You visited 1 branch of the dungeon, and saw 3 of its levels.

You collected 79 gold pieces.

Inventory:

Hand Weapons
 a - a +0 mace (weapon)
Missiles
 d - 5 boomerangs of dispersal (quivered)
Armour
 b - a +0 leather armour (worn)
Jewellery
 h - a ring of positive energy
Scrolls
 e - a scroll of silence {unknown}
 f - a scroll of brand weapon {unknown}
 g - a scroll of enchant armour {unknown}
 j - a scroll of identify {unknown}
 l - a scroll of noise {unknown}
Potions
 c - 2 potions of haste
 i - a potion of flight {unknown}
 k - a potion of resistance {unknown}


   Skills:
 - Level 2.0 Fighting
 * Level 4.4 Maces & Flails
 - Level 0.6 Throwing
 - Level 0.7 Armour
 - Level 1.5 Dodging
 - Level 2.0 Spellcasting
 - Level 3.0 Translocations


You had one spell level left.
You knew the following spells:

 Your Spells              Type           Power      Damage    Failure   Level
a - Blink                 Tloc           18%        N/A       14%         2
b - Gell's Gravitas       Tloc           9%         N/A       26%         3
c - Slow                  Hex            4%         N/A       30%         1

Your spell library contained the following spells:

 Spells                   Type           Power      Damage    Failure   Level
 Beastly Appendage        Tmut           2%         N/A       30%         1
 Lesser Beckoning         Tloc           9%         N/A       26%         3
 Teleport Other           Tloc           9%         N/A       26%         3
 Wereblood                Tmut           1%         N/A       43%         2
 Confusing Touch          Hex            1%         N/A       67%         3
 Conjure Flame            Conj/Fire      1%         6-21      67%         3
 Ignite Poison            Fire/Tmut/Pois 1%         N/A       67%         3
 Spider Form              Tmut/Pois      1%         N/A       67%         3
 Vampiric Draining        Necr           1%         2d6       67%         3
 Manifold Assault         Tloc           9%         N/A       94%         5
 Sticky Flame             Conj/Fire      1%         2d3       97%         4


Dungeon Overview and Level Annotations

Branches:
Dungeon (3/15)

Altars:

Shops:
D:1 =

Annotations:
D:2 1 runed translucent door, Crazy Yiuf
D:3 1 runed translucent door, Teleththebard's ghost, weakling DrBe


Innate Abilities, Weirdness & Mutations

You are completely covered in rugged brown scales. (AC +3, +7% HP)
You have supernaturally acute eyesight. (SInv)
Armour fits poorly on your strangely shaped body.
You can roll at nearby foes to attack.
You have a long armoured tail.


Message History

Level annotation: 1 runed translucent door, Teleththebard's ghost, weakling DrBe
There is a stone staircase leading up here.
You climb upwards.
Level annotation: 1 runed translucent door, Crazy Yiuf
There is a stone staircase leading down here.
There is a stone staircase leading down here.
You climb downwards.
Level annotation: 1 runed translucent door, Teleththebard's ghost, weakling DrBe
Found an escape hatch in the ceiling.
There is a stone staircase leading up here.
Found 22 sling bullets.
There is an escape hatch in the ceiling here.
A mysterious force pulls you upwards. The hatch slams shut behind you.
Level annotation: 1 runed translucent door, Crazy Yiuf
Things that are here:
a +0 club; a gnoll skeleton
There is a stone staircase leading down, spattered with blood here.
You climb downwards.
Level annotation: 1 runed translucent door, Teleththebard's ghost, weakling DrBe The gnoll shouts! x2
The gnoll hits you with a +0 flail! The gnoll closely misses you.
There is a stone staircase leading up, spattered with blood here.
The gnoll hits you with a +0 flail!
You climb upwards.
Level annotation: 1 runed translucent door, Crazy Yiuf
There is a stone staircase leading down, spattered with blood here.
Casting: Blink (safe; 14% risk of failure)
Confirm with . or Enter, or press ? or * to list all spells.
You miscast Blink.
You are very lightly contaminated with residual magic.
Nothing appears to happen.
The gnoll hits you but does no damage.
Casting: Blink (safe; 14% risk of failure)
Confirm with . or Enter, or press ? or * to list all spells.
You blink.
The gnoll barely misses you.
You hit the gnoll but do no damage.
You tail-slap the gnoll, but do no damage.
The gnoll hits you with a +0 flail.
* * * LOW HITPOINT WARNING * * *
You hit the gnoll but do no damage. The gnoll hits you with a +0 flail!
You die...

.####.........)...#
......####.#####..#
.###..####.# #..#
.>.........# #..#
...........# #..#
####..####.#####..#
#..# #.....>).#
#..# #######g##
#..# #@#
#..##########.#
#.............#
#.#############
#.......# #######.#
#.# #.# #.#


You could see a gnoll.

Vanquished Creatures
  A gnoll (D:2)
  An adder (D:2)
  An orc (D:3)
  2 ball pythons
  2 bats
  2 endoplasms (D:1)
  2 giant cockroaches (D:1)
  5 goblins
  7 hobgoblins
  3 jackals
  8 quokkas
  A frilled lizard (D:2)
  3 kobolds
  4 rats
42 creatures vanquished.

Notes
Turn   | Place    | Note
-------+----------+-------------------------------------------
     0 | D:1      | experimilk the Palentonga Warper began the quest for the
                  | Orb.
     0 | D:1      | Reached XP level 1. HP: 17/17 MP: 3/3
   254 | D:1      | Reached XP level 2. HP: 17/23 MP: 5/5
   267 | D:1      | Learned a level 2 spell: Blink
   364 | D:1      | Found Wiemnil's Jewellery Emporium.
   400 | D:1      | Reached skill level 3 in Maces & Flails
  1175 | D:1      | Reached XP level 3. HP: 28/28 MP: 6/6
  1281 | D:1      | Learned a level 3 spell: Gell's Gravitas
  1301 | D:1      | Learned a level 1 spell: Slow
  1610 | D:2      | Found a faded altar of an unknown god.
  2003 | D:2      | Reached skill level 4 in Maces & Flails
  2308 | D:2      | You fall into a shaft and drop 1 floor!
  2311 | D:3      | Noticed Teleththebard's ghost (weakling DrBe)
  2313 | D:3      | Found a runed translucent door.
  2718 | D:2      | Found a runed translucent door.
  2719 | D:2      | Noticed Crazy Yiuf
  3025 | D:2      | Reached XP level 4. HP: 18/35 MP: 7/7
  3365 | D:2      | Slain by a gnoll

Illustrated notes

Levels and vault maps discovered:
D:1:      minmay_arrival_nine_rooms, layout_loops_ring, serial_shops, shop
D:2:      layout_loops_ring, chequers_ecumenical_altar_simple,
          uniq_crazy_yiuf_cottage
D:3:      layout_basic, hellmonk_ghost_happy_afterlife, uniq_natasha

Skill      XL: |  1  2  3 |
---------------+----------+-----
Maces & Flails | 3 4 |  4.4
Fighting       | |  2.0
Throwing       | |  0.6
Armour         | |  0.7
Dodging        | |  1.5
Spellcasting   | |  2.0
Translocations | |  3.0

Action                   |  1- 3 |  4- 6 || total
-------------------------+-------+-------++-------
Melee: Mace              |   131 |     2 ||   133
       Tailslap          |    15 |     1 ||    16
       Punch             |     2 |       ||     2
 Cast: Blink             |     4 |     1 ||     5
 Abil: Rolling Charge    |    25 |       ||    25
  Use: Scroll            |     1 |       ||     1
       Potion            |     1 |       ||     1
Armor: Leather armour    |    49 |     1 ||    50
Dodge: Dodged            |    59 |     2 ||    61
